Map: Lockdown LE

Players

Choigalaxy

  • Race: Zerg Zerg
  • League: Diamond

인공지능 칸 (아주 쉬움) - Winner!

  • Race: Terran Terran

VOD

Have the link to the VOD?

Description

Time

  • Played on: Oct. 2, 2026, 11:27 a.m.
  • Length: 5:47
Show
View Real Time Build Order
Export as new Build Order

Choigalaxy Zerg 

Build Orders: Hatch First 

Get SALT Encoding   

  12  0:00  Drone  
  13  0:11  Overlord  
  13  0:16  Drone  
  14  0:30  Drone x2  
  16  0:46  Hatchery  
  16  0:49  Drone  
  16  0:52  Drone  
  16  0:55  Drone  
  18  1:06  Extractor  
  18  1:10  Spawning Pool  
  16  1:14  Drone  
  16  1:17  Drone  
  18  1:27  Drone  
  19  1:38  Drone  
  20  1:49  Drone  
  21  1:58  Queen x2  
  21  2:00  Zergling x4  
  27  2:08  Overlord  
  27  2:22  Hatchery  
  26  2:24  Metabolic Boost  
  26  2:28  Drone  
  26  2:29  Drone  
  28  2:31  Drone  
  28  2:34  Drone  
  30  2:38  Drone  
  31  2:46  Queen  
  33  2:51  Overlord  
  33  2:54  Drone  
  33  2:56  Drone  
  35  2:59  Drone  
  35  3:03  Overlord  
  36  3:10  Queen  
  38  3:13  Drone  
  38  3:15  Drone  
  38  3:16  Drone  
  38  3:18  Drone  
  42  3:21  Drone  
  42  3:26  Queen  
  43  3:29  Drone  
  43  3:31  Drone  
  47  3:40  Zergling x4  
  47  3:41  Zergling x4  
  51  3:44  Overlord  
  51  3:45  Overlord  
  51  3:51  Queen  
  53  3:56  Drone  
  53  3:57  Drone x3  
  53  4:01  Drone  
  53  4:02  Overlord  
  58  4:09  Queen  
  60  4:13  Queen  
  60  4:15  Drone  
  60  4:16  Drone  
  64  4:18  Drone  
  64  4:19  Drone  
  64  4:21  Drone  
  64  4:23  Drone  
  68  4:24  Drone  
  68  4:25  Drone  
  68  4:28  Overlord  
  68  4:31  Overlord  
  70  4:36  Lair  
  70  4:39  Drone x3  
  73  4:45  Baneling Nest  
  73  4:48  Spore Crawler  
  73  4:52  Drone x3  
  74  4:53  Drone  
  74  4:55  Drone  
  74  4:56  Drone  
  74  4:57  Spore Crawler, Drone  
  74  4:58  Drone  
  78  5:00  Drone  
  78  5:01  Spore Crawler, Drone  
  78  5:03  Extractor  
  78  5:05  Extractor, Drone  
  78  5:06  Drone, Extractor  
  78  5:11  Evolution Chamber  
  78  5:12  Drone x2  
  78  5:13  Drone, Evolution Chamber  
  79  5:16  Drone  
  80  5:25  Drone x2  
  82  5:29  Hatchery  
Show
View Real Time Build Order
Export as new Build Order

인공지능 칸 (아주 쉬움) Terran - Winner!

Build Orders:  

Get SALT Encoding   

  12  0:00  SCV  
  13  0:13  SCV  
  14  0:19  Supply Depot  
  14  0:37  Refinery  
  14  0:42  Barracks  
  14  1:02  Supply Depot  
  14  1:11  Refinery  
  14  1:29  SCV, Marine  
  16  1:41  SCV  
  17  1:53  SCV  
  18  2:03  Marine  
  18  2:05  SCV  
  20  2:17  SCV  
  21  2:29  SCV  
  22  2:37  Marine  
  22  2:41  Orbital Command  
Tags
 
Add a new tag
Caveats
  • Supply blocks, unpowered buildings, or Contaminate may cause inaccurate times.
  • Supply counts are checked every 10 seconds.